 Dungeon Crawl Stone Soup version 0.29.0-11-gd7f09526c8 (webtiles) character file.

Game seed: 9282905474674497157

1459 greasedhog the Covert (level 8, -10/49 HPs)
             Began as a Gargoyle Brigand on Sept 4, 2022.
             Was an Initiate of Dithmenos.
             Mangled by a two-headed ogre
             ... wielding a +0 giant club
              (19 damage)
             ... on level 6 of the Dungeon.
             The game lasted 00:11:05 (8537 turns).

greasedhog the Covert (Gargoyle Brigand)            Turns: 8537, Time: 00:11:05

Health: -10/49     AC: 11    Str: 14    XL:     8   Next: 76%
Magic:  8/8        EV: 11    Int: 13    God:    Dithmenos [......]
Gold:   466        SH:  0    Dex: 13    Spells: 7/7 levels left

rFire   . . .      SeeInvis .   a - +2 rapier (venom)
rCold   . . .      Faith    .   (no shield)
rNeg    + . .      Spirit   .   x - +0 leather armour
rPois   ∞          Reflect  .   (no helmet)
rElec   +          Harm     .   c - +0 cloak
rCorr   .          Rampage  .   g - +0 pair of gloves
Will    +....                   (no boots)
Stlth   ++++......              (no amulet)
HPRegen 0.16/turn               F - ring of willpower
MPRegen 0.11/turn               (no ring)

@: no status effects
A: sickness immunity, AC +5, negative energy resistance 1, electricity
resistance, torment resistance 1, petrification resistance
a: Renounce Religion


You were on level 6 of the Dungeon.
You worshipped Dithmenos.
Dithmenos was noncommittal.
You visited 2 branches of the dungeon, and saw 7 of its levels.
You also visited: Sewer.

You collected 466 gold pieces.

Inventory:

Hand Weapons
 a - a +2 rapier of venom (weapon)
 b - a +2 dagger of venom
Missiles
 d - 9 poisoned darts (quivered)
 e - 2 curare-tipped darts
 w - 2 atropa-tipped darts
Armour
 c - a +0 cloak (worn)
 g - a +0 pair of gloves (worn)
 x - a +0 leather armour (worn)
Jewellery
 F - a ring of willpower (left hand)
Wands
 v - a wand of charming (4)
 C - a wand of acid (11)
 I - a wand of roots (1)
Scrolls
 k - 3 scrolls of immolation
 n - a scroll of enchant armour
 o - 2 scrolls of amnesia
 p - 5 scrolls of teleportation
 y - a scroll of magic mapping
 B - 2 scrolls of blinking
 D - 2 scrolls of noise
 E - a scroll of vulnerability {unknown}
 G - 3 scrolls of enchant weapon {unknown}
 H - a scroll of acquirement
 K - a scroll of silence {unknown}
Potions
 f - a potion of berserk rage {unknown}
 h - a potion of might {unknown}
 i - 3 potions of invisibility {unknown}
 j - a potion of mutation {unknown}
 l - 3 potions of curing {unknown}
 m - 3 potions of flight
 q - a potion of magic
 r - 2 potions of resistance {unknown}
 s - 2 potions of attraction {unknown}
 t - a potion of lignification {unknown}
 u - 3 potions of degeneration
 z - 2 potions of brilliance {unknown}
 A - 2 potions of cancellation {unknown}
 J - a potion of haste


   Skills:
 - Level 5.1 Fighting
 - Level 5.0 Short Blades
 - Level 1.7 Throwing
 * Level 2.9 Armour
 - Level 1.0 Dodging
 * Level 9.9 Stealth


You had 7 spell levels left.
You didn't know any spells.
Your spell library contained the following spells:

 Spells                   Type           Power      Damage    Failure   Level
 Sandblast                Erth           0%         2d4       36%         1
 Passwall                 Tmut/Erth      0%         N/A       50%         2
 Inner Flame              Hex/Fire       0%         N/A       75%         3
 Stone Arrow              Conj/Erth      0%         3d7       75%         3
 Cause Fear               Hex            0%         N/A       98%         4
 Olgreb's Toxic Radiance  Pois           0%         N/A       98%         4
 Ozocubu's Refrigeration  Ice            0%         4d7       100%        7
 Discord                  Hex            0%         N/A       100%        8
 Ignition                 Fire           0%         3d3       100%        8


Dungeon Overview and Level Annotations

Branches:
Dungeon (6/15)             Temple (1/1) D:6           Sewer (visited)

Altars:
Cheibriados
Dithmenos
Fedhas
Hepliaklqana
Kikubaaqudgha
Makhleb
Nemelex Xobeh
Okawaru
Qazlal
Ru
Trog
Vehumet
Wu Jian
Xom
Yredelemnul
Zin
The Shining One

Shops:
D:1 :   D:4 :


Innate Abilities, Weirdness & Mutations

You are immune to sickness and miasma.
Your stone body is resilient. (AC +5)
You are immune to poison.
You resist negative energy. (rN+)
You are resistant to electric shocks. (rElec)
You are resistant to unholy torment.
You are immune to petrification.


Message History

The roots erupt in riotous growth!
Roots grab the two-headed ogre.
The grasping roots constrict the two-headed ogre.
The grasping roots constrict the scorpion.
The roots release their grip on the scorpion.
The two-headed ogre struggles to escape constriction.
Unknown command.
Aiming: Corrosive Bolt
Press: ? - help, Shift-Dir - straight line, f - scorpion, p - two-headed ogre
Aim: a scorpion (moderately wounded, 71% to hit)
The bolt of acid hits the two-headed ogre!
The two-headed ogre is heavily wounded.
The bolt of acid hits the sky beast!
The acid corrodes the sky beast!
The sky beast is heavily wounded.
The bolt of acid hits the scorpion!
The acid corrodes the scorpion!
The scorpion is almost dead.
The grasping roots constrict the two-headed ogre.
The roots release their grip on the two-headed ogre.
Unknown command.
Unknown command.
There's nothing to close nearby.
Aiming: Corrosive Bolt
Press: ? - help, Shift-Dir - straight line, f/p - scorpion
Aim: a scorpion (almost dead, covered in acid, 71% to hit)
The bolt of acid hits the two-headed ogre.
The two-headed ogre seems to be corroded for longer.
The two-headed ogre is severely wounded.
The bolt of acid hits the sky beast!
The sky beast seems to be corroded for longer.
The sky beast is severely wounded.
The bolt of acid misses the scorpion.
The two-headed ogre hits you with a +0 giant club!!
The two-headed ogre hits you with a +0 dire flail!
* * * LOW HITPOINT WARNING * * *
Unknown command.
You hit the two-headed ogre.
The two-headed ogre is poisoned.
The two-headed ogre is almost dead.
The two-headed ogre closely misses you.
The two-headed ogre hits you with a +0 dire flail!!
You die...

...######.###.#######.###.#
##.# #................# #.#
######.################ #.#
.................# #.#
...#....####.)...# #.# .
#....# ###...# #.#
#....#######..# #.#
##......)[ #..# #.#
#...#.... ##@# #.#
#...#?.lJ #O# #.# ##..#


sY5 #Y# ###.# ..####.###s# #...# #......O.lJ# #.### ##.........# #.# ###.......#
#.# ####....#.####.# ####.#.#...># You could see a two-headed ogre (very
poisoned, corroded), a sky beast (corroded), a scorpion (corroded), an iguana
and a jelly.

Vanquished Creatures
  Sigmund (D:5)
  A water moccasin (D:5)
  A black bear (D:6)
  2 ogres (D:6)
  2 centaurs
  A bullfrog (D:6)
  3 scorpions
  A hound (D:6)
  2 gnoll boudas
  Ijyb (D:5)
  Terence (D:2)
  2 orc wizards
  7 gnolls (D:4)
  3 river rats (Sewer)
  12 adders
  A shadow imp (D:6)
  2 white imps (D:6)
  5 worms
  A dart slug (D:3)
  16 orcs
  7 ball pythons
  4 endoplasms
  7 giant cockroaches
  8 goblins
  4 hobgoblins
  2 jackals (Sewer)
  5 kobolds
  3 quokkas
  11 bats
  3 frilled lizards
  6 rats
125 creatures vanquished.

Vanquished Creatures (collateral kills)
  3 orcs (D:4)
3 creatures vanquished.

Vanquished Creatures (others)
  A necrophage (D:4)
1 creature vanquished.

Grand Total: 129 creatures vanquished

Notes
Turn   | Place    | Note
-------+----------+-------------------------------------------
     0 | D:1      | greasedhog the Gargoyle Brigand began the quest for the
                  | Orb.
     0 | D:1      | Reached XP level 1. HP: 12/12 MP: 1/1
    66 | D:1      | Reached skill level 1 in Dodging
   379 | D:1      | Found Noejilyr's Book Shop.
   499 | D:1      | Reached XP level 2. HP: 17/17 MP: 2/2
  1149 | D:1      | Found a faded altar of an unknown god.
  1290 | D:2      | Noticed Terence
  1314 | D:2      | Killed Terence
  1315 | D:2      | Reached skill level 5 in Stealth
  1315 | D:2      | Reached XP level 3. HP: 12/21 MP: 3/3
  2367 | D:3      | Found the +18 Lear's hauberk
  2411 | D:3      | Reached XP level 4. HP: 26/26 MP: 4/4
  2562 | D:3      | Noticed a centaur
  2576 | D:3      | Killed a centaur
  2577 | D:3      | Reached skill level 6 in Stealth
  2577 | D:3      | Reached XP level 5. HP: 18/30 MP: 5/5
  3156 | D:4      | Found a glowing drain.
  3194 | Sewer    | Entered a sewer
  3416 | Sewer    | Reached XP level 6. HP: 35/35 MP: 6/6
  4694 | D:4      | Reached skill level 7 in Stealth
  4743 | D:4      | Found Jeihiz's Book Boutique.
  4959 | D:4      | Reached XP level 7. HP: 34/40 MP: 7/7
  5020 | D:4      | Identified a scroll of acquirement
  5021 | D:4      | Acquired a +2 rapier of venom
  5319 | D:4      | HP: 2/40 [gnoll bouda/+0 whip (7)]
  5619 | D:4      | Reached skill level 5 in Short Blades
  6179 | D:5      | Entered Level 5 of the Dungeon
  6237 | D:5      | Noticed Sigmund
  6252 | D:5      | Killed Sigmund
  6253 | D:5      | Reached skill level 8 in Stealth
  6804 | D:5      | Reached XP level 8. HP: 48/48 MP: 8/8
  6838 | D:5      | Noticed Ijyb
  6855 | D:5      | Killed Ijyb
  7224 | D:5      | Found a basalt altar of Yredelemnul.
  7246 | D:5      | Reached skill level 9 in Stealth
  7533 | D:6      | Found a staircase to the Ecumenical Temple.
  7536 | D:6      | Reached skill level 5 in Fighting
  7544 | Temple   | Entered the Ecumenical Temple
  7900 | Temple   | Became a worshipper of Dithmenos the Shadowed
  7961 | D:6      | Found a blossoming altar of Fedhas.
  7966 | D:6      | Found an ornate altar of the Wu Jian Council.
  7975 | D:6      | Found a shimmering altar of Xom.
  7975 | D:6      | Found an iron altar of Okawaru.
  8009 | D:6      | Reached skill level 1 in Armour
  8519 | D:6      | Noticed a two-headed ogre
  8537 | D:6      | Mangled by a two-headed ogre

Illustrated notes

Levels and vault maps discovered:
D:1:      tarquinn_simple_flora_water_c, layout_loops_ring,
          dilly_ecumenical_altar_fadedgnrine, serial_shops,
          nicolae_shop_behind_doors
D:2:      cheibrodos_helix_gallery, layout_loops_ring,
          hangedman_decor_clover_reticule, uniq_terence
D:3:      layout_rooms, st_stairs_2
D:4:      layout_rooms, serial_shops, nicolae_shop_crystal,
          gup_sewer_entry_glass, nrook_uturn
D:5:      layout_basic, mainiacjoe_overflow_concentric_impassable, uniq_sigmund,
          uniq_ijyb
D:6:      minmay_recursive_quarters, layout_loops_ring, kennysheep_little_box,
          grunt_temple_overflow_open, minmay_temple_entry_wispy
Temple:   minmay_temple_forest_path

Skill      XL: |  1  2  3  4  5  6  7  8 |
---------------+-------------------------+-----
Dodging        | 1 |  1.0
Short Blades   | 2 3 4 5 |  5.0
Stealth        | 5 6 7 8 9 |  9.9
Fighting       | 4 5 |  5.1
Armour         | 2 |  2.9
Throwing       | |  1.7

Action                   |  1- 3 |  4- 6 |  7- 9 || total
-------------------------+-------+-------+-------++-------
Melee: Dagger            |   100 |   249 |     9 ||   358
       Punch             |       |     2 |     5 ||     7
       Rapier            |       |       |   150 ||   150
Throw: Dart              |     4 |       |       ||     4
Evoke: Wand              |       |     2 |     6 ||     8
  Use: Scroll            |     3 |     2 |     5 ||    10
       Potion            |     1 |     5 |       ||     6
 Stab: Sleeping          |     7 |     6 |     6 ||    19
       Distracted        |       |       |     1 ||     1
Armor: Robe              |    31 |     6 |       ||    37
       Leather armour    |       |    93 |    54 ||   147
Dodge: Dodged            |    51 |   162 |    86 ||   299
